 Dungeon Crawl Stone Soup version 0.21.1-1-g345015f (webtiles) character file.

70 Fang the Skirmisher (level 4, 0/43 HPs)
             Began as a Gargoyle Berserker on May 2, 2018.
             Was a Believer of Trog.
             Slain by an orc priest
             ... wielding a +0 whip
              (6 damage)
             ... on level 3 of the Dungeon.
             The game lasted 00:02:04 (1263 turns).

Fang the Skirmisher (Gargoyle Berserker)            Turns: 1263, Time: 00:02:04

Health: 0/43       AC:  5    Str: 26    XL:     4   Next: 21%
Magic:  4/4        EV: 12    Int:  8    God:    Trog [**....]
Gold:   98         SH:  0    Dex:  9    Spells: 3/3 levels left

rFire    . . .     SeeInvis .   a - +0 hand axe
rCold    . . .     Gourm    .   (no shield)
rNeg     + . .     Faith    .   b - +0 animal skin
rPois    ∞         Spirit   .   (no helmet)
rElec    +         Reflect  .   (no cloak)
rCorr    .         Harm     .   (no gloves)
MR       .....                  (no boots)
Stlth    ..........             (no amulet)
HPRegen  0.14/turn              (no ring)
MPRegen  0.09/turn              (no ring)

@: berserking, very quick
A: negative energy resistance 1, electricity resistance, unbreathing,
petrification resistance, rot immunity, AC +3
a: Berserk, Trog's Hand, Burn Spellbooks, Renounce Religion


You were on level 3 of the Dungeon.
You worshipped Trog.
Trog was pleased with you.
You were very hungry.

You visited 1 branch of the dungeon, and saw 3 of its levels.

You collected 98 gold pieces.

Inventory:

Hand Weapons
 a - a +0 hand axe (weapon)
Armour
 b - a +0 animal skin (worn)
Scrolls
 d - 3 scrolls of remove curse {unknown}
 e - a scroll of random uselessness {unknown}
 g - a scroll of teleportation {unknown}
 h - a scroll of fear {unknown}
 j - a scroll of identify {unknown}
 k - a scroll of magic mapping {unknown}
Potions
 f - a potion of curing {unknown}
 i - a potion of might {unknown}
 l - a potion of brilliance {unknown}
Comestibles
 c - 5 rations
 m - a chunk of flesh


   Skills:
 + Level 4.0 Fighting
 + Level 3.6 Axes
 + Level 2.2 Armour
 + Level 2.1 Dodging
 + Level 0.2 Stealth


You had 3 spell levels left.
You didn't know any spells.

Dungeon Overview and Level Annotations

Branches:
Dungeon (3/15)

Altars:


Innate Abilities, Weirdness & Mutations

You are resistant to torment.
Your stone body is resilient. (AC +3)
You are immune to poison.
You resist negative energy. (rN+)
You are resistant to electric shocks. (rElec)
You can survive without breathing.
You are immune to petrification.
You are immune to rotting.


Message History

You are too injured to fight recklessly!
You are too injured to fight recklessly!
You are too injured to fight recklessly!
You are too injured to fight recklessly!
You are too injured to fight recklessly!
You are too injured to fight recklessly!
A red film seems to cover your vision as you go berserk!
You feel yourself moving faster!
You feel mighty!
You are feeling very hungry.
The orc shouts!
The orc priest mumbles some strange prayers to Beogh against you.
Beogh smites you!
* * * LOW HITPOINT WARNING * * *
You slash the orc priest!
The orc priest is heavily wounded.
Unknown command.
You barely miss the orc priest.
The orc priest is heavily wounded.
The orc priest hits you with a whip.
You die...

#### #.. #.# #+##.
#####.##.....
#............
#............
#....<.......
#####†..)........
.......†@.K.......
##......o.........
#......o.........
#................
........o.........
###.....%....###+#
#........$.#
#..........#


You could see an orc priest, 2 orcs and a kobold.

Vanquished Creatures
  An adder (D:2)
  An ooze (D:1)
  A dart slug (D:2)
  2 leopard geckos (D:1)
  A ball python (D:2)
  4 giant cockroaches
  14 goblins
  2 hobgoblins
  6 jackals
  A quokka (D:3)
  3 bats (D:1)
  5 frilled lizards
  3 kobolds
  4 rats
48 creatures vanquished.

Notes
Turn   | Place    | Note
-------+----------+-------------------------------------------
     0 | D:1      | Fang the Gargoyle Berserker began the quest for the Orb.
     0 | D:1      | Reached XP level 1. HP: 14/14 MP: 1/1
   108 | D:1      | Reached XP level 2. HP: 18/19 MP: 2/2
   338 | D:1      | Reached XP level 3. HP: 18/24 MP: 3/3
   386 | D:1      | Reached ** piety under Trog
   938 | D:2      | Reached XP level 4. HP: 29/29 MP: 4/4
  1152 | D:2      | Reached skill level 4 in Fighting
  1263 | D:3      | Slain by an orc priest

Skill      XL: |  1  2  3  4 |
---------------+-------------+-----
Axes           | 3 |  3.6
Dodging        | 2 |  2.1
Fighting       | 4 |  4.0
Armour         | |  2.2
Stealth        | |  0.2

Action                   |  1- 3 |  4- 6 || total
-------------------------+-------+-------++-------
Melee: Hand axe          |   136 |    24 ||   160
Invok: Berserk           |       |     1 ||     1
  Eat: Chunk             |       |     1 ||     1
Armor: Animal skin       |    56 |     5 ||    61
Dodge: Dodged            |    92 |    14 ||   106
